 Seeded DCSS version 0.30.1-11-g7821555f0a (webtiles) character file.

Game seed: 147005 (custom seed)

220 Psyclone the Conjurer (level 5, -3/31 HPs)
             Began as an Octopode Conjurer on Oct 29, 2023.
             Slain by Grinder (6 damage)
             ... on level 3 of the Dungeon.
             The game lasted 00:06:02 (2572 turns).

Psyclone the Conjurer (Octopode Conjurer)           Turns: 2572, Time: 00:06:03

Health: -3/31      AC:  1    Str:  6    XL:     5   Next: 97%
Magic:  1/8        EV: 13    Int: 23    God:
Gold:   183        SH:  0    Dex: 10    Spells: 5/8 levels left

rFire   . . .        g - +0 dagger
rCold   . . .        (no shield)
rNeg    . . .        (helmet restricted)
rPois   .            (no amulet)
rElec   .            (no ring)
rCorr   .            (no ring)
SInv    .            (no ring)
Will    .....        (no ring)
Stlth   +++          (no ring)
HPRegen 0.25/turn    (no ring)
MPRegen 0.11/turn    (no ring)
                     (no ring)

%: no passive effects
@: no status effects
A: almost no armour, amphibious, 8 rings, camouflage 1, gelatinous body 1,
(nimble swimmer 1), tentacles
a: no special abilities


You were on level 3 of the Dungeon.
You visited 1 branch of the dungeon, and saw 3 of its levels.

You collected 183 gold pieces.

Inventory:

Hand Weapons
 g - a +0 dagger (weapon)
Missiles
 f - 2 throwing nets {!f}
Jewellery
 h - a ring of protection from cold
Scrolls
 b - a scroll of teleportation {unknown}
 c - a scroll of poison {unknown}
 d - a scroll of blinking {unknown}
 j - a scroll of identify {unknown}
 k - a scroll of noise {unknown}
Potions
 a - a potion of magic
 e - 2 potions of heal wounds {unknown}
 i - a potion of curing {unknown}
 l - a potion of mutation {unknown}


   Skills:
 - Level 2.0 Dodging
 - Level 2.6 Stealth
 - Level 2.0 Spellcasting
 + Level 7.0 Conjurations


You had 5 spell levels left.
You knew the following spells:

 Your Spells              Type           Power      Damage    Failure   Level
a - Magic Dart            Conj           100%       1d8       1%          1
b - Searing Ray           Conj           68%        2d6       1%          2

Your spell library contained the following spells:

 Spells                   Type           Power      Damage    Failure   Level
 Dazzling Flash           Conj/Hex       36%        N/A       9%          3
 Fulminant Prism          Conj/Hex       9%         3d7       30%         4
 Iskenderun's Mystic Bla  Conj/Tloc      18%        2d6       30%         4


Dungeon Overview and Level Annotations

Branches:
Dungeon (3/15) Zot: 15428

Altars:
Makhleb
Ru

Annotations:
D:3 Grinder, Sigmund


Innate Abilities, Weirdness & Mutations

You cannot wear most types of armour.
You are amphibious.
You can wear up to eight rings at the same time.
Your skin changes colour to match your surroundings (Stealth+).
Your rubbery body absorbs attacks. (AC +1, EV +1)
((You are camouflaged when in or above water. (Stealth+)))
You have tentacles for arms and can constrict up to eight enemies at once.


Message History

You hit Jessica. You grab Jessica. You squeeze Jessica.
Jessica is severely wounded.
You constrict Jessica. Jessica closely misses you.
You hit Jessica but do no damage. You squeeze Jessica.
You kill Jessica!
Your Conjurations skill increases to level 7!
You start resting.
Grinder is nearby!
Casting: Searing Ray (safe; 1% risk of failure)
Confirm with . or Enter, or press ? or * to list all spells.
Aiming: Magic Dart (safe; 1% risk of failure)
Press: ? - help, Shift-Dir - straight line, f/p - Grinder
Aim: Grinder (severely wounded, 100% to hit)
The magic dart hits Grinder.
Grinder is severely wounded.
Grinder gestures at you. You resist with significant effort.
You now have 0/8 mp.
Casting: Magic Dart (safe; 1% risk of failure)
Confirm with . or Enter, or press ? or * to list all spells.
You don't have enough magic to cast this spell.
Unknown command.
Casting: Magic Dart (safe; 1% risk of failure)
Confirm with . or Enter, or press ? or * to list all spells.
Aiming: Magic Dart (safe; 1% risk of failure)
Press: ? - help, Shift-Dir - straight line, f/p - Grinder
Aim: Grinder (severely wounded, 100% to hit)
The magic dart hits Grinder.
Grinder is almost dead.
Grinder blinks!
You now have 0/8 mp.
Grinder hits you.
You writhe in agony.
* * * LOW HITPOINT WARNING * * *
You take 8 damage, and have 9/31 hp.
MASSIVE DAMAGE!!
You closely miss Grinder. You grab Grinder.
Grinder is almost dead.
You constrict Grinder. Grinder hits you.
* * * LOW HITPOINT WARNING * * *
You writhe in agony.
You die...

#########
§.......##########
#######.§......5.# ####
##########@# ...# #.#
.#.# #.# ##.# #.##
##.#############..##
##.......##........##
##.......##......#..###
.........##......##...##
.....†...##......##....#


You could see Grinder.

Vanquished Creatures
  An ogre (D:3)
  A hound (D:3)
  Jessica (D:3)
  Robin (D:3)
  An adder (D:3)
  2 dart slugs
  9 endoplasms
  2 giant cockroaches
  7 goblins
  7 hobgoblins
  6 jackals (D:1)
  3 quokkas
  3 ball pythons
  A bat (D:2)
  A frilled lizard (D:1)
  2 kobolds (D:2)
  5 rats
53 creatures vanquished.

Notes
Turn   | Place    | Note
-------+----------+-------------------------------------------
     0 | D:1      | Psyclone the Octopode Conjurer began the quest for the Orb.
     0 | D:1      | Reached XP level 1. HP: 11/11 MP: 3/3
    98 | D:1      | Reached XP level 2. HP: 17/17 MP: 1/5
   344 | D:1      | Learned a level 2 spell: Searing Ray
   568 | D:1      | Reached XP level 3. HP: 21/21 MP: 2/6
   578 | D:1      | Reached skill level 5 in Conjurations
   863 | D:2      | Found a sacrificial altar of Ru.
  1937 | D:3      | Found a burning altar of Makhleb.
  2098 | D:3      | Noticed Sigmund
  2099 | D:3      | Noticed Grinder
  2181 | D:3      | Reached XP level 4. HP: 24/27 MP: 0/7
  2256 | D:3      | Noticed Robin
  2269 | D:3      | Killed Robin
  2340 | D:3      | Noticed an ogre
  2360 | D:3      | Killed an ogre
  2361 | D:3      | Reached skill level 6 in Conjurations
  2361 | D:3      | Reached XP level 5. HP: 15/31 MP: 0/8
  2526 | D:3      | Noticed Jessica
  2557 | D:3      | Killed Jessica
  2558 | D:3      | Reached skill level 7 in Conjurations
  2572 | D:3      | Slain by Grinder

Illustrated notes

Levels and vault maps discovered:
D:1:      tekkud_arrival_beachfront_property, layout_basic
D:2:      layout_loops_ring, basic_altar, serial_co_window_serial,
          co_window_of_opportunity_a, co_window_paths_a, co_window_paths_b,
          co_window_paths_a, co_window_paths_a, co_window_of_opportunity_b,
          co_window_2corner, co_window_of_opportunity_b
D:3:      layout_rooms, bloody_makhleb, uniq_sigmund, uniq_jessica,
          uniq_grinder, uniq_robin

Skill      XL: |  1  2  3  4  5 |
---------------+----------------+-----
Conjurations   | 5 6 7 |  7.0
Dodging        | |  2.0
Stealth        | |  2.6
Spellcasting   | |  2.0

Action                     |  1- 3 |  4- 6 || total
---------------------------+-------+-------++-------
  Melee: Unarmed           |    13 |       ||    13
         Tentacles         |     8 |     4 ||    12
         Constrict         |     6 |     4 ||    10
         Punch             |     1 |       ||     1
         Dagger            |     9 |     8 ||    17
   Cast: Magic Dart        |    62 |     7 ||    69
         Searing Ray       |     3 |     7 ||    10
   Stab: Sleeping          |     1 |       ||     1
 Armour: Skin              |     1 |     1 ||     2
  Dodge: Dodged            |    23 |     8 ||    31
